Map: Mech Depot LE

Players

PiLiPiLi

  • Race: Protoss Protoss
  • Spawn Location: 1:00

Serral - Winner!

  • Race: Zerg Zerg
  • Spawn Location: 7:00

Event: WCS Montreal 2017

VOD

Have the link to the VOD?

Description

Time

  • Played on: Sept. 8, 2017, 5:43 p.m.
  • Length: 10:04

All games in this series

Show
View Real Time Build Order
Export as new Build Order

PiLiPiLi Protoss 

Build Orders: Nexus First, Archon Immortal, Zealot Archon, Archon Drop, Dark Templar Rush 

Get SALT Encoding   

  12  0:00  Probe (Chrono Boost)  
  13  0:11  Probe (Chrono Boost)  
  14  0:19  Pylon  
  14  0:22  Probe (Chrono Boost)  
  15  0:38  Probe (Chrono Boost)  
  16  0:48  Probe (Chrono Boost)  
  17  0:59  Nexus  
  17  1:10  Gateway  
  17  1:13  Probe (Chrono Boost)  
  17  1:18  Assimilator  
  18  1:24  Probe (Chrono Boost)  
  19  1:25  Assimilator  
  19  1:35  Probe (Chrono Boost)  
  19  1:37  Gateway  
  20  1:45  Probe (Chrono Boost)  
  21  1:53  Pylon  
  21  2:04  Cybernetics Core  
  21  2:06  Zealot (Chrono Boost)  
  22  2:09  Probe (Chrono Boost)  
  22  2:13  Probe (Chrono Boost)  
  24  2:21  Probe (Chrono Boost)  
  25  2:25  Probe (Chrono Boost)  
  26  2:31  Probe (Chrono Boost)  
  27  2:40  Warp Gate (Chrono Boost)  
  27  2:41  Probe, Stalker  
  30  2:45  Probe  
  31  2:52  Probe  
  31  2:53  Twilight Council  
  31  2:57  Probe  
  33  3:02  Probe  
  34  3:09  Probe  
  35  3:13  Probe  
  36  3:21  Probe  
  36  3:22  Pylon  
  36  3:23  Probe  
  38  3:28  Robotics Facility  
  38  3:31  Dark Shrine  
  38  3:33  Probe  
  38  3:34  Probe  
  40  3:44  Probe  
  40  3:46  Probe  
  42  3:50  Gateway  
  42  3:51  Gateway  
  42  3:55  Probe  
  42  3:57  Assimilator  
  42  3:58  Probe  
  42  4:01  Assimilator  
  44  4:05  Probe  
  44  4:07  Pylon  
  45  4:10  Probe  
  45  4:14  Warp Prism (Chrono Boost)  
  48  4:19  Pylon  
  48  4:24  Probe  
  48  4:25  Pylon  
  48  4:26  Probe  
  50  4:41  Resonating Glaives  
  50  4:43  Warp Prism (Chrono Boost)  
  50  4:50  Dark Templar  
  50  4:51  Dark Templar x3  
  60  4:58  Pylon  
  60  5:12  Immortal  
  60  5:14  Gateway  
  60  5:15  Gateway  
  64  5:21  Archon  
  64  5:22  Archon  
  64  5:30  Sentry x2, Gateway  
  64  5:31  Gateway  
  68  5:39  Pylon  
  68  5:46  Immortal  
  68  5:50  Dark Templar x2  
  68  5:54  Archon  
  76  5:57  Pylon  
  76  6:04  Pylon  
  76  6:05  Pylon  
  76  6:06  Pylon  
  76  6:09  Pylon  
  76  6:13  Dark Templar x2  
  80  6:23  Adept x2  
  84  6:30  Archon  
  84  6:36  Immortal  
  84  6:39  Adept x3  
  90  6:40  Adept  
  96  6:52  Pylon  
  96  6:56  Adept x3  
  96  6:57  Adept  
  104  7:05  Adept  
  103  7:15  Immortal  
  107  7:27  Adept  
  107  7:28  Adept x5  
  119  7:40  Pylon  
  119  7:44  Pylon  
  117  7:45  Probe x2  
  119  8:04  Adept x6  
  131  8:10  Immortal  
  131  8:11  Pylon  
  135  8:29  Sentry  
  135  8:30  Sentry x2  
  135  8:31  Adept x2  
  135  8:33  Sentry, Adept  
  149  8:39  Pylon  
  149  8:55  Adept  
  149  8:56  Adept x3  
  157  9:05  Pylon  
  157  9:16  Adept x4  
  165  9:20  Pylon  
  165  9:29  Adept x3  
  165  9:30  Adept  
  103  9:42  Sentry  
  103  9:43  Sentry x2  
Show
View Real Time Build Order
Export as new Build Order

Serral Zerg - Winner!

Build Orders: Pool First 

Get SALT Encoding   

  12  0:00  Drone  
  13  0:12  Overlord  
  13  0:17  Drone  
  14  0:31  Drone x2  
  14  0:34  Drone  
  17  0:44  Extractor  
  17  0:45  Drone  
  17  0:50  Spawning Pool  
  17  0:55  Drone  
  17  1:06  Drone  
  18  1:19  Hatchery  
  18  1:23  Drone  
  18  1:37  Queen  
  18  1:38  Zergling x2  
  21  1:44  Metabolic Boost  
  21  1:51  Overlord  
  21  1:54  Drone  
  22  2:11  Drone x2  
  22  2:13  Queen  
  26  2:22  Drone  
  27  2:31  Drone  
  27  2:32  Pneumatized Carapace  
  27  2:34  Drone  
  29  2:42  Drone  
  30  2:45  Drone x2  
  30  2:46  Drone x2  
  34  2:57  Hatchery  
  33  3:01  Overlord  
  33  3:03  Drone  
  34  3:08  Overlord  
  34  3:11  Drone  
  35  3:15  Drone  
  35  3:19  Queen  
  38  3:22  Drone  
  38  3:23  Drone  
  38  3:24  Drone  
  42  3:27  Drone  
  42  3:28  Drone  
  42  3:31  Overlord  
  43  3:35  Drone  
  43  3:36  Drone  
  43  3:38  Drone  
  46  3:43  Overlord  
  46  3:47  Overlord  
  46  3:52  Lair  
  46  3:55  Roach Warren  
  45  3:56  Drone  
  45  3:58  Drone  
  45  4:00  Drone  
  45  4:02  Drone x2  
  50  4:05  Drone  
  51  4:10  Queen, Extractor  
  51  4:12  Drone  
  51  4:14  Drone x2  
  55  4:21  Drone  
  56  4:25  Overlord  
  56  4:31  Overlord  
  56  4:35  Spore Crawler, Roach x5  
  56  4:37  Spore Crawler  
  64  4:43  Roach  
  64  4:44  Roach x2  
  70  4:54  Roach x2  
  70  4:57  Overseer  
  70  4:58  Overlord  
  74  5:00  Overlord  
  74  5:03  Roach  
  76  5:07  Overlord  
  76  5:10  Roach  
  76  5:11  Queen x2  
  76  5:12  Spine Crawler  
  81  5:18  Roach x2  
  85  5:24  Overlord  
  85  5:28  Zergling x2  
  85  5:29  Zergling x6  
  85  5:32  Overlord  
  89  5:36  Overlord  
  89  5:37  Overlord  
  89  5:38  Overlord  
  89  5:41  Glial Reconstitution  
  90  5:43  Roach  
  90  5:46  Overlord  
  92  5:54  Roach x3  
  92  5:55  Drone  
  92  5:56  Drone x3  
  102  6:02  Drone  
  102  6:03  Drone  
  104  6:06  Evolution Chamber  
  104  6:11  Roach x4  
  111  6:17  Extractor  
  111  6:18  Extractor, Drone x3  
  111  6:24  Zergling x2  
  111  6:25  Zergling x8  
  116  6:36  Overlord  
  116  6:41  Zergling x10  
  116  6:42  Zergling x8  
  116  6:43  Zerg Melee Weapons Level 1  
  116  6:46  Baneling Nest  
  124  6:52  Overlord  
  124  6:55  Roach, Zergling x4  
  124  6:58  Overlord  
  124  7:00  Zergling x10  
  130  7:10  Zergling x2  
  130  7:11  Zergling x10  
  132  7:21  Overlord  
  132  7:22  Roach x2  
  136  7:25  Zergling x4  
  136  7:29  Ravager x4  
  142  7:30  Ravager, Zergling x2  
  142  7:31  Zergling x10  
  142  7:34  Zergling x2  
  148  7:38  Zergling x2  
  148  7:39  Zergling x2  
  148  7:51  Zergling x12  
  151  8:02  Centrifical Hooks  
  151  8:05  Overlord  
  150  8:06  Zergling x14  
  157  8:15  Zergling x2  
  157  8:16  Zergling x2  
  159  8:20  Hatchery  
  159  8:22  Zergling x12  
  164  8:28  Baneling x13  
  164  8:29  Baneling x9  
  164  8:31  Baneling  
  164  8:35  Overlord  
  164  8:44  Overlord x2  
  164  8:53  Zergling x12  
  164  8:54  Zergling x8  
  161  9:02  Drone  
  162  9:03  Drone  
  162  9:06  Drone  
  164  9:11  Overlord  
  164  9:14  Zergling x2  
  164  9:15  Zergling x8  
  169  9:19  Baneling x15  
  169  9:20  Baneling  
  169  9:26  Overlord  
  169  9:27  Overlord  
  169  9:29  Overlord  
  149  9:39  Zergling x18  
  149  9:42  Baneling  
  149  9:43  Baneling x5  
  155  9:45  Baneling  
  155  9:46  Baneling x3  
Tags
 
Add a new tag
Caveats
  • Supply blocks, unpowered buildings, or Contaminate may cause inaccurate times.
  • Supply counts are checked every 10 seconds.